 Dungeon Crawl Stone Soup version 0.29.0-5-ge4962eb29e (webtiles) character file.

Game seed: 9500534999995496940

76 themarg the Stinger (level 4, -12/32 HPs)
             Began as a Gnoll Wanderer on Aug 29, 2022.
             Was a Believer of Qazlal.
             Mangled by a gnoll
             ... wielding a +0 halberd
              (19 damage)
             ... on level 3 of the Dungeon.
             The game lasted 00:07:33 (3203 turns).

themarg the Stinger (Gnoll Wanderer)                Turns: 3203, Time: 00:07:34

Health: -12/32     AC:  3    Str: 12    XL:     4   Next: 32%
Magic:  8/8        EV: 11    Int: 17    God:    Qazlal [**....]
Gold:   66         SH:  2    Dex:  7    Spells: 9/9 levels left

rFire   . . .      SeeInvis .   a - +0 hand axe
rCold   . . .      Faith    +   (no shield)
rNeg    . . .      Spirit   .   u - +0 leather armour of Mutualism {Slay+2}
rPois   .          Reflect  .   (no helmet)
rElec   .          Harm     .   (no cloak)
rCorr   .          Rampage  .   (no gloves)
Will    .....                   (no boots)
Stlth   +.........              t - amulet of faith
HPRegen 0.10/turn               (no ring)
MPRegen 0.11/turn               (no ring)

@: no status effects
A: fangs 1, strong nose, distributed training
a: Renounce Religion, Upheaval


You were on level 3 of the Dungeon.
You worshipped Qazlal.
Qazlal was pleased with you.
You visited 1 branch of the dungeon, and saw 3 of its levels.

You collected 66 gold pieces.

Inventory:

Hand Weapons
 a - a +0 hand axe (weapon)
 b - a +0 sling
Missiles
 m - 5 boomerangs
 n - 2 atropa-tipped darts
Armour
 c - a +0 scale mail
 u - the +0 leather armour of Mutualism (worn) {Slay+2}
   (You found it on level 3 of the Dungeon)

   Slay:      It affects your accuracy & damage with ranged weapons and melee
   (+2).
Jewellery
 t - an amulet of faith (around neck)
Scrolls
 d - 2 scrolls of amnesia {unknown}
 e - 2 scrolls of fear
 f - a scroll of immolation {unknown}
 h - a scroll of vulnerability {unknown}
 l - 2 scrolls of teleportation {unknown}
 q - a scroll of silence {unknown}
 r - a scroll of poison {unknown}
 v - a scroll of enchant weapon {unknown}
Potions
 g - a potion of ambrosia {unknown}
 i - a potion of resistance {unknown}
 j - 4 potions of curing {unknown}
 k - a potion of heal wounds {unknown}
 o - 2 potions of haste {unknown}
 p - a potion of attraction {unknown}
 s - a potion of lignification {unknown}


   Skills:
 + Level 1.1 Fighting
 + Level 1.1 Short Blades
 + Level 1.1 Long Blades
 + Level 1.1 Axes
 + Level 1.1 Maces & Flails
 + Level 1.1 Polearms
 + Level 1.1 Staves
 + Level 1.1 Ranged Weapons
 + Level 1.1 Throwing
 + Level 4.6 Armour
 + Level 1.1 Dodging
 + Level 1.1 Stealth
 + Level 1.1 Shields
 + Level 1.1 Unarmed Combat
 + Level 3.0 Spellcasting
 + Level 0.9 Conjurations
 + Level 0.9 Hexes
 + Level 0.9 Summonings
 + Level 0.9 Necromancy
 + Level 0.9 Translocations
 + Level 0.9 Transmutations
 + Level 0.9 Fire Magic
 + Level 3.8 Ice Magic
 + Level 0.9 Air Magic
 + Level 0.9 Earth Magic
 + Level 7.1 Poison Magic
 + Level 1.2 Invocations
 + Level 2.7 Evocations


You had 9 spell levels left.
You didn't know any spells.
Your spell library contained the following spells:

 Spells                   Type           Power      Damage    Failure   Level
 Freeze                   Ice            60%        1d8       4%          1
 Sting                    Tmut/Pois      64%        1d6       4%          1
 Ozocubu's Armour         Ice            15%        N/A       14%         3
 Ignite Poison            Fire/Tmut/Pois 12%        N/A       19%         3
 Corpse Rot               Necr/Pois/Air  12%        N/A       54%         4


Dungeon Overview and Level Annotations

Branches:
Dungeon (3/15)

Altars:
Qazlal


Innate Abilities, Weirdness & Mutations

You have very sharp teeth.
Your uncanny sense of smell can sniff out nearby items.
Your experience applies equally to all skills.


Message History

You kill the frilled lizard!
Qazlal accepts your kill. The quokka barely misses you.
You closely miss the quokka. The quokka bites you. x2
You barely miss the quokka. The quokka barely misses you.
You barely miss the quokka. The quokka barely misses you.
The quokka closely misses you.
You hit the quokka. Your bite misses the quokka.
The quokka is severely wounded.
The quokka bites you.
You hit the quokka.
You kill the quokka!
Qazlal accepts your kill. The hobgoblin hits you.
You hit the hobgoblin.
The hobgoblin is severely wounded.
You slash the hobgoblin!
You kill the hobgoblin!
Qazlal accepts your kill.
You can now call upon nature to destroy your foes.
You hit the goblin.
You kill the goblin!
Qazlal accepts your kill.
You start resting.
A gnoll is nearby!
You start resting.
You hear a shout!
A gnoll is nearby!
The gnoll drinks a potion.
The gnoll goes berserk!
The gnoll hits you from afar with a +0 halberd!
* * * LOW HITPOINT WARNING * * *
The gnoll closely misses you. You block the gnoll's attack.
Items here: )) ††††.
You hit the gnoll but do no damage. The gnoll closely misses you. x2
You hit the gnoll.
The gnoll is moderately wounded.
You block the gnoll's attack. The gnoll hits you with a +0 halberd!!
Ouch! That really hurt!
You die...

# #.# #.#.#.# .#.# #
###.######.#.#.# #... #
#............#.#... .
###.#.####.#.###.#.##..#
#..........#...........#
#.#.#.####.#####.#.#.#.#
#.#.#...)......)...#
#.#.#..###.####.####.#.#
#.#.#..# #.>...†@g..)...
#.#.#..# ######.####.#..
....#..# #.# #.#....#
..# #.#.##.# ...#
#.#.##.# ..... ..#....#
...... ##### ## ...... .
....


You could see a gnoll (berserk).

Vanquished Creatures
  2 gnolls (D:3)
  An adder (D:3)
  A worm (D:2)
  A dart slug (D:3)
  A ball python (D:1)
  2 endoplasms (D:1)
  2 giant cockroaches
  6 goblins
  6 hobgoblins
  3 quokkas
  A bat (D:1)
  5 frilled lizards
  6 kobolds
  6 rats
43 creatures vanquished.

Vanquished Creatures (others)
  A plant (D:1)
1 creature vanquished.

Grand Total: 44 creatures vanquished

Notes
Turn   | Place    | Note
-------+----------+-------------------------------------------
     0 | D:1      | themarg the Gnoll Wanderer began the quest for the Orb.
     0 | D:1      | themarg set off with the following items: a +0 club, a
                  | scroll of fear, a +0 scale mail; and the following spells
                  | available to memorise: Freeze, Sting, Ozocubu's Armour,
                  | Ignite Poison, Corpse Rot.
     0 | D:1      | Reached XP level 1. HP: 13/13 MP: 4/4
   376 | D:1      | Found a faded altar of an unknown god.
   389 | D:1      | Reached XP level 2. HP: 19/19 MP: 5/5
   395 | D:1      | Prayed at the altar of an unknown god.
   395 | D:1      | Became a worshipper of Qazlal Stormbringer
   395 | D:1      | Reached * piety under Qazlal
   438 | D:1      | HP: 1/20 [constriction (1)]
  1945 | D:2      | Reached XP level 3. HP: 25/25 MP: 7/7
  2403 | D:3      | Reached skill level 1 in Invocations
  2424 | D:3      | Reached skill level 1 in Fighting
  2424 | D:3      | Reached skill level 1 in Short Blades
  2424 | D:3      | Reached skill level 1 in Long Blades
  2424 | D:3      | Reached skill level 1 in Axes
  2424 | D:3      | Reached skill level 1 in Maces & Flails
  2424 | D:3      | Reached skill level 1 in Polearms
  2424 | D:3      | Reached skill level 1 in Staves
  2424 | D:3      | Reached skill level 1 in Ranged Weapons
  2424 | D:3      | Reached skill level 1 in Throwing
  2424 | D:3      | Reached skill level 1 in Dodging
  2424 | D:3      | Reached skill level 1 in Stealth
  2424 | D:3      | Reached skill level 1 in Shields
  2424 | D:3      | Reached skill level 1 in Unarmed Combat
  2811 | D:3      | Reached XP level 4. HP: 22/32 MP: 8/8
  3067 | D:3      | Identified the +0 leather armour of Mutualism {Slay+2}
  3127 | D:3      | Reached ** piety under Qazlal
  3203 | D:3      | Mangled by a gnoll

Illustrated notes

Levels and vault maps discovered:
D:1:      dpeg_arrival_snail, layout_loops_ring,
          dreamdust_ecumenical_altar_grove, serial_glass, glass_columns_a,
          glass_columns_a, minmay_distorted
D:2:      layout_loops_corners
D:3:      layout_basic, uniq_robin

Skill      XL: |  1  2  3  4 |
---------------+-------------+-----
Invocations    | 1 |  1.2
Fighting       | 1 |  1.1
Short Blades   | 1 |  1.1
Long Blades    | 1 |  1.1
Axes           | 1 |  1.1
Maces & Flails | 1 |  1.1
Polearms       | 1 |  1.1
Staves         | 1 |  1.1
Ranged Weapons | 1 |  1.1
Throwing       | 1 |  1.1
Dodging        | 1 |  1.1
Stealth        | 1 |  1.1
Shields        | 1 |  1.1
Unarmed Combat | 1 |  1.1
Spellcasting   | 3 |  3.0
Armour         | |  4.6
Conjurations   | |  0.9
Hexes          | |  0.9
Summonings     | |  0.9
Necromancy     | |  0.9
Translocations | |  0.9
Transmutations | |  0.9
Fire Magic     | |  0.9
Ice Magic      | |  3.8
Air Magic      | |  0.9
Earth Magic    | |  0.9
Poison Magic   | |  7.1
Evocations     | |  2.7

Action                   |  1- 3 |  4- 6 || total
-------------------------+-------+-------++-------
Melee: Club              |    55 |       ||    55
       Bite              |     5 |     3 ||     8
       Hand axe          |    59 |    41 ||   100
       Punch             |       |     2 ||     2
 Fire: Sling             |    37 |     9 ||    46
  Use: Scroll            |     1 |       ||     1
Armor: Scale mail        |    61 |    12 ||    73
       Leather armour    |       |     2 ||     2
Dodge: Dodged            |    51 |    23 ||    74
Block: Other             |     3 |     4 ||     7
